 Dungeon Sprint DCSS version bcrawl-1.40.3b (webtiles) character file.

Game seed: 10594885126438097738

276804 petercordia the Cudgeler (level 3, -12/44 HPs)
             Began as an Ent Archaeologist on Feb 10, 2024.
             Was a Believer of Uskayaw.
             Mangled by an ogre
             ... wielding a +0 giant club
              (16 damage)
             ... in the Dungeon (Sprint IX: "|||||||||||||||||||||||||||||").
             The game lasted 00:01:53 (150 turns).

petercordia the Cudgeler (Ent Archaeologist)         Turns: 150, Time: 00:01:54

Health: -12/44     AC: 14    Str: 21    XL:     3   Next: 87%
Magic:  3/3        EV: 10    Int: 18    God:    Uskayaw [**....]
Gold:   0          SH:  0    Dex:  9    Spells: 2/2 levels left

rFire    . . .     GDR:     30% s - +2 dire flail of the Horn {flame, +Blink Int+4 SInv}
rCold    . . .     SeeInvis +   (no shield)
rNeg     + + +     Gourm    .   (armour unavailable)
rPois    +         Faith    .   c - +1 hat
rElec    .         Spirit   .   u - +0 cloak
rCorr    .         Reflect  .   (gloves unavailable)
MR       .....     NoTele   +   (boots unavailable)
Stlth    ++........             (no amulet)
HPRegen  0.17/turn              v - +3 ring of strength
MPRegen  0.08/turn              w - +2 ring of protection

@: very slow
A: large, slow actions, passwall, strong branches, negative energy resistance 3,
poison resistance, slow metabolism 1, torment resistance, unbreathing, AC +10
a: Passwall, Stomp, Renounce Religion, Evoke Blink


You were in the Dungeon.
You worshipped Uskayaw.
Uskayaw was noncommittal.
You were not hungry.

You visited 1 branch

Inventory:

Hand Weapons
 a - a +0 whip
 b - a +0 blowgun
 s - the +2 dire flail of the Horn (weapon) {flame, +Blink Int+4 SInv}
   (You found it in the Dungeon)

   It has been specially enchanted to surge with flame as it hits, increasing
   damage dealt by approximately one third against foes not resistant or
   susceptible to fire.
   It affects your intelligence (+4).
   It lets you see invisible.
   It lets you blink.
 t - a +0 lajatang
Missiles
 d - 6 curare-tipped needles
Armour
 c - a +1 hat (worn)
 u - a +0 cloak (worn)
Jewellery
 v - a +3 ring of strength (left hand)
 w - a +2 ring of protection (right hand)
Wands
 r - a wand of acid (10)
Scrolls
 g - a scroll of revelation
 m - 2 scrolls of blinking
 p - 3 scrolls of remove curse
 q - 2 scrolls of amnesia
Potions
 h - 5 potions of curing
 i - a potion of invisibility
 j - a potion of haste
 k - 4 potions of magic
 l - a potion of berserk rage
 o - 2 potions of heal wounds
Miscellaneous
 f - a dusty tome
Comestibles
 e - a ration {!d}
 n - 5 chunks of flesh


   Skills:
 + Level 4.8 Fighting
 * Level 7.4 Maces & Flails
 - Level 2.6 Dodging
 - Level 3.6 Stealth


You had 2 spell levels left.
You didn't know any spells.
Your spell library was empty.

Dungeon Overview and Level Annotations

Branches:
Dungeon (1/1)

Altars:
Cheibriados
Dithmenos
Elyvilon
Fedhas
Gozag
Hepliaklqana
Lugonu
Makhleb
Nemelex Xobeh
Okawaru
Qazlal
Ru
Sif Muna
Trog
Uskayaw
Vehumet
Wu Jian
Xom
Yredelemnul
Zin
The Shining One
Jiyva


Innate Abilities, Weirdness & Mutations

You move and act slowly.
You can pass through walls and trees.
Your branches can wield two-handed weapons with a shield.
Your thick bark is tough. (AC +10)
You are too large for most types of armour.
You are immune to negative energy. (rN+++)
Your system is resistant to poisons. (rPois)
You have a slow metabolism.
You are immune to unholy pain and torment.
You can survive without breathing.


Message History

You closely miss the ogre.
The ogre is lightly wounded.
The ogre hits you with a +0 giant club!
The bullfrog releases a deep croak.
You thump the ogre! You burn the ogre.
The ogre is severely wounded.
The ogre hits you with a +0 giant club!!
You can now do at least one heavy attack as you dance towards foes.
Uskayaw will link foes you attack so they share their pain.
You are too injured to fight recklessly!
You are too injured to fight recklessly!
You hit the ogre. You burn the ogre.
The ogre is severely wounded.
The ogre closely misses you.
You closely miss the ogre.
The ogre is severely wounded.
The ogre hits you with a +0 giant club!
* * * LOW HITPOINT WARNING * * *
The ogre hits you with a +0 giant club!
You die... ▓▓▓▓▓▓▓▓▓▓▓▓▓▓▓▓▓▓▓▓▓▓▓▓ .cyFFFO@.[.[)|..'_______ ▓▓▓▓▓▓▓▓▓▓▓▓▓▓▓▓▓▓▓▓▓▓▓▓

You could see an ogre, 3 bullfrogs, a centaur and a killer bee.

Vanquished Creatures
  A hound (D)
  3 adders (D)
  2 hobgoblins (D)
  A frilled lizard (D)
  A jackal zombie (D)
  A kobold (D)
  A rat (D)
10 creatures vanquished.

Notes
Turn   | Place    | Note
-------+----------+-------------------------------------------
     0 | D        | petercordia the Ent Archaeologist began the quest for the
                  | Orb.
     0 | D        | Reached XP level 1. HP: 21/21 MP: 1/1
     7 | D        | Reached skill level 2 in Maces & Flails
     8 | D        | Reached skill level 3 in Maces & Flails
    22 | D        | Noticed a hound
    30 | D        | Reached skill level 4 in Maces & Flails
    30 | D        | Reached XP level 2. HP: 23/33 MP: 2/2
    40 | D        | Reached skill level 5 in Maces & Flails
    49 | D        | Reached skill level 7 in Maces & Flails
    49 | D        | Reached XP level 3. HP: 28/43 MP: 3/3
    70 | D        | Found a roughly hewn altar of Beogh.
    70 | D        | Found a snail-covered altar of Cheibriados.
    70 | D        | Found a shadowy altar of Dithmenos.
    70 | D        | Found a white marble altar of Elyvilon.
    70 | D        | Found a blossoming altar of Fedhas.
    70 | D        | Found an opulent altar of Gozag.
    71 | D        | Found a hazy altar of Hepliaklqana.
    72 | D        | Found a viscous altar of Jiyva.
    73 | D        | Found an ancient bone altar of Kikubaaqudgha.
    74 | D        | Found a corrupted altar of Lugonu.
    75 | D        | Found a burning altar of Makhleb.
    76 | D        | Found a sparkling altar of Nemelex Xobeh.
    77 | D        | Found an iron altar of Okawaru.
    78 | D        | Found a stormy altar of Qazlal.
    79 | D        | Found a sacrificial altar of Ru.
    80 | D        | Found a shimmering blue altar of Sif Muna.
    81 | D        | Found a bloodstained altar of Trog.
    82 | D        | Found a hide-covered altar of Uskayaw.
    83 | D        | Found a radiant altar of Vehumet.
    84 | D        | Found an ornate altar of the Wu Jian Council.
    85 | D        | Found a shimmering altar of Xom.
    86 | D        | Found a basalt altar of Yredelemnul.
    87 | D        | Found a glowing silver altar of Zin.
    88 | D        | Found a glowing golden altar of the Shining One.
   110 | D        | Became a worshipper of Uskayaw the Reveler
   126 | D        | Got the +2 dire flail of the Horn {flame, +Blink Int+4
                  | SInv}
   144 | D        | Noticed a centaur
   144 | D        | Noticed a killer bee
   144 | D        | Noticed a bullfrog
   144 | D        | Noticed a bullfrog
   144 | D        | Noticed a bullfrog
   144 | D        | Noticed an ogre
   146 | D        | Reached * piety under Uskayaw
   148 | D        | Reached ** piety under Uskayaw
   150 | D        | Mangled by an ogre

Skill      XL: |  1  2 |
---------------+-------+-----
Maces & Flails | 4 7 |  7.4
Fighting       | 3 4 |  4.8
Dodging        | |  2.6
Stealth        | |  3.6

Action                   || total
-------------------------++-------
Melee: Whip              ||    47
       Dire flail        ||     6
  Use: Potion            ||     1
 Stab: Distracted        ||     1
Armor: Skin              ||    28
Dodge: Dodged            ||    34
